 Dungeon Crawl Stone Soup version 5.2-4-g6121e92 (webtiles) character file.

69 kroki the Poker (level 5, -11/34 HPs)
             Began as a Skeleton Skald on Nov 28, 2017.
             Mangled by an ogre
             ... wielding a +0 giant club
              (28 damage)
             ... on level 4 of the Dungeon.
             The game lasted 00:01:57 (3219 turns).

kroki the Poker (Skeleton Skald)                    Turns: 3219, Time: 00:01:57

Health: -11/34     AC:  5 (14%)Str: 14  XL:     5   Next: 49%
Magic:  2/4        EV: 11    Int: 11    God:
Gold:   298        SH:  1    Dex: 11    Spells: 2/8 levels left

rFire    . . .     SeeInvis .   r - +2 whip (elec)
rCold    + . .     Faith    +   (no shield)
rNeg     + + +     Spirit   .   b - +0 leather armour
rPois    ∞         Reflect  .   (no helmet)
rElec    .                      (no cloak)
rCorr    .                      (no gloves)
MR       .....                  f - +0 pair of boots
Stlth    +.........             d - amulet of faith {Faith, !P}
Regen    0.2/turn               (no ring)
MPRegen  0.2/turn               (no ring)

@: corpse armour
A: spooky, fear immunity, bone armour, cold resistance 1, negative energy
resistance 3, torment resistance, unbreathing
a: Stop Singing, End Infusion


You were on level 4 of the Dungeon.
You were not hungry.

You visited 1 branch of the dungeon, and saw 4 of its levels.

You collected 298 gold pieces.

Inventory:

Hand Weapons
 a - a +0 spear
 r - a +2 whip of electrocution (weapon)
   (You found it on level 3 of the Dungeon)
Missiles
 g - 117 poisoned darts (quivered)
 p - 117 tomahawks
 q - 44 javelins
Armour
 b - a +0 leather armour (worn)
 f - a +0 pair of boots (worn)
   (You found it on level 1 of the Dungeon)
 j - a +0 ring mail
   (You found it on level 2 of the Dungeon)
Jewellery
 d - an amulet of faith (around neck) {Faith, !P}
   (You found it on level 1 of the Dungeon)
 s - an uncursed amulet of regeneration {+regen, !d}
   (You found it on level 4 of the Dungeon)
Scrolls
 h - 2 scrolls of enchant weapon
 k - a scroll of magic mapping {!r}
 m - a scroll of fog
 n - 2 scrolls of amnesia
 o - a scroll of teleportation
Potions
 c - a potion of flight
 e - 2 potions of cancellation
 i - a potion of resistance
 l - 3 potions of heal wounds


   Skills:
 + Level 1.8 Fighting
 - Level 5.5 Polearms
 - Level 0.8 Armour
 - Level 0.8 Dodging
 - Level 2.0 Spellcasting
 + Level 2.6 Charms


You had 2 spell levels left.
You knew the following spells:

 Your Spells              Type           Power        Failure   Level  Hunger
a - Infusion              Chrm           7 (25)       12%         1    N/A
r - Regeneration          Chrm/Necr      4 (200)      52%         3    N/A
S - Song of Slaying       Chrm           7 (100)      19%         2    N/A

Dungeon Overview and Level Annotations

Branches:
Dungeon (4/15)

Altars:
Hepliaklqana
Kikubaaqudgha
Qazlal
Trog
Yredelemnul
Zin
The Shining One


Innate Abilities, Weirdness & Mutations

You are spooky and scary.
You do not feel fear.
You gain temporary bone armour from killing.
You are immune to poison.
Your flesh is cold resistant. (rC+)
You are immune to negative energy. (rN+++)
You are immune to unholy pain and torment.
You can survive without breathing.


Message History

Done exploring.
Done exploring.
Done exploring.
Done exploring.
Done exploring.
Done exploring.
Done exploring.
Done exploring.
Search for what [Enter for ":", or ? for help]? : You see here a +2 whip of electrocution.
r - a +2 whip of electrocution Wield which item (- for none, * to show all)? (? for menu, Esc to quit)
You hear the crackle of electricity.
r - a +2 whip of electrocution (weapon)
Done exploring.
There is a stone staircase leading down here.
Search for what [Enter for ":", or ? for help]? : You climb downwards.
You now have 245 gold pieces (gained 13).
You now have 256 gold pieces (gained 11).
Found a stone staircase leading down.
You now have 271 gold pieces (gained 15).
Found a stone staircase leading down.
You now have 287 gold pieces (gained 16).
A quokka comes into view.
There is a stone staircase leading down here.
Aim: a quokka (resting)
You throw a poisoned dart. The poisoned dart hits the quokka (0).
The quokka is poisoned.
A quokka is nearby!
Aim: a quokka (moderately wounded, poisoned)
You throw a poisoned dart.
The poisoned dart closely misses the quokka (0).
A quokka is nearby!
Aim: a quokka (moderately wounded, poisoned)
You throw a poisoned dart.
The poisoned dart barely misses the quokka (0).
A quokka is nearby!
Aim: a quokka (heavily wounded, poisoned)
You throw a poisoned dart. The poisoned dart hits the quokka (0).
The quokka looks even sicker.
You kill the quokka!
You now have 298 gold pieces (gained 11).
You see here 168 stones.
An orc comes into view. It is wielding a +0 flail.
The orc shouts!
The orc moves out of view.
An orc is nearby!
Aim: an orc, wielding a +0 flail You throw a poisoned dart.
The poisoned dart hits the orc (0).
The orc is poisoned.
An orc is nearby!
Aim: an orc, wielding a +0 flail (poisoned)
You throw a poisoned dart.
The poisoned dart closely misses the orc (0).
An orc is nearby!
Aim: an orc, wielding a +0 flail (poisoned)
You throw a poisoned dart. The poisoned dart hits the orc (0).
The orc looks even sicker.
An orc is nearby!
You barely miss the orc. The orc barely misses you.
An orc is nearby!
You hit the orc (7)!
You kill the orc!
You see here a +0 flail.
s - an uncursed amulet of regeneration {+regen, !d} An ogre comes into view.
It is wielding a +0 giant club.
The ogre shouts!
Aim: an ogre, wielding a +0 giant club You throw a poisoned dart.
The poisoned dart hits the ogre (0).
A hound comes into view.
There are monsters nearby!
Aim: an ogre, wielding a +0 giant club You throw a poisoned dart.
The poisoned dart barely misses the ogre (0).
There are monsters nearby!
Aim: an ogre, wielding a +0 giant club You throw a poisoned dart.
The poisoned dart barely misses the ogre (0).
There are monsters nearby!
Aim: an ogre, wielding a +0 giant club You throw a poisoned dart.
The poisoned dart barely misses the ogre (0).
The poisoned dart hits the hound (0).
The hound is poisoned.
There are monsters nearby!
Aim: an ogre, wielding a +0 giant club You throw a poisoned dart.
The poisoned dart hits the ogre (0).
The ogre is poisoned.
There are monsters nearby!
You hit the ogre (6).
The ogre hits you with a +0 giant club (17)!
Ouch! That really hurt!
You take 17 damage, and have 17/34 hp.
MASSIVE DAMAGE!!
You now have 3/4 mp.
You hit the ogre (2).
There is a sudden explosion of sparks (14)!
The ogre hits you with a +0 giant club (28)!!
Ouch! That really hurt!
You die...

#.# #.# #.# ###
#.# ..# #.# #.#
#.# #.# #.#
.$.#####.#######
#.#
#.?.hO@.......#
#.#
#.#####...###.#
#.#
##...##.#####.#
...(..#..).......#
........##.#######
####.#.###.# #.#.#
#.# #.#.# #.# #.#.
#.#


You could see an ogre and a hound.

Vanquished Creatures
  A scorpion (D:3)
  4 gnolls (D:3)
  An adder (D:2)
  2 oozes
  2 dart slugs
  An orc (D:4)
  6 quokkas
  4 bats
  A giant cockroach (D:3)
  4 goblins
  6 hobgoblins
  3 jackals (D:3)
  4 kobolds
  3 ball pythons
  4 frilled lizards
  7 rats
53 creatures vanquished.

Notes
Turn   | Place    | Note
-------+----------+-------------------------------------------
     0 | D:1      | kroki the Skeleton Skald began the quest for the Orb.
     0 | D:1      | Reached XP level 1. HP: 14/14 MP: 3/3
   189 | D:1      | Reached XP level 2. HP: 19/19 MP: 0/4
   193 | D:1      | Learned a level 2 spell: Song of Slaying
   497 | D:1      | Reached skill level 3 in Polearms
   763 | D:1      | Reached XP level 3. HP: 24/24 MP: 0/2
  1088 | D:2      | Found a faded altar of an unknown god.
  1374 | D:2      | Found a glowing golden altar of the Shining One.
  1533 | D:2      | Reached skill level 4 in Polearms
  1778 | D:2      | Found a stormy altar of Qazlal.
  1895 | D:3      | Reached XP level 4. HP: 29/29 MP: 0/3
  1916 | D:3      | HP: 4/29 [gnoll/+0 spear (5)]
  2207 | D:3      | Found a basalt altar of Yredelemnul.
  2209 | D:3      | Found a bloodstained altar of Trog.
  2801 | D:3      | Found an ancient bone altar of Kikubaaqudgha.
  2862 | D:3      | Found a glowing silver altar of Zin.
  2918 | D:3      | Reached skill level 5 in Polearms
  2918 | D:3      | Reached XP level 5. HP: 34/34 MP: 4/4
  2923 | D:3      | Learned a level 3 spell: Regeneration
  2923 | D:3      | Found a hazy altar of Hepliaklqana.
  3212 | D:4      | Noticed an ogre
  3219 | D:4      | Mangled by an ogre

Skill      XL: |  1  2  3  4 |
---------------+-------------+-----
Polearms       | 3 4 5 |  5.5
Fighting       | |  1.8
Armour         | |  0.8
Dodging        | |  0.8
Spellcasting   | |  2.0
Charms         | |  2.6

Action                   |  1- 3 |  4- 6 || total
-------------------------+-------+-------++-------
Melee: Spear             |    73 |    35 ||   108
       Whip              |       |     4 ||     4
Throw: Poisoned dart     |    38 |    35 ||    73
 Cast: Infusion          |     1 |       ||     1
       Song of Slaying   |     1 |       ||     1
Armor: Leather armour    |    12 |     4 ||    16
Dodge: Dodged            |    24 |    14 ||    38

Vault maps used:
D:1:      lightli_arrival_statue_moat
D:2:      nicolae_overflow_crystal_walls, grunt_qazlal_sundering,
          chequers_ecumenical_altar_simple_redux
D:3:      lemuel_coloured_pillars_altar, marbit_many_paths,
          gammafunk_temple_overflow_statue, overflow_temple_1_default,
          serial_co_window_serial, co_window_paths_b, co_window_corner_a,
          co_window_paths_b, co_window_paths_a, co_window_paths_a,
          co_window_unsneaky_path_c, co_window_unsneaky_path_b,
          co_window_of_opportunity_b, co_window_of_opportunity_c,
          co_window_broadway_a, co_window_4corner_b, glass_columns_a
D:4:      kennysheep_little_box

Table legend:
 A = Turns spent in this place as a percentage of turns spent in the entire game.
 B = Non-inter-level travel turns spent in this place as a percentage of non-inter-level travel turns spent in the entire game.
 C = Inter-level travel turns spent in this place as a percentage of turns spent in this place.
 D = Turns resting spent in this place as a percentage of non-inter-level travel turns spent in this place.
 E = Turns spent auto-exploring this place as a percentage of non-inter-level travel turns spent in this place.
 F = Non-inter-level travel turns spent in this place divided by the number of levels of this place that you've seen.
                   A       B       C       D       E      F
               +-------+-------+-------+-------+-------+----------------------
         Total | 100.0 | 100.0 |   0.8 |   0.3 |  21.0 | 178.8
       Dungeon | 100.0 | 100.0 |   0.8 |   0.3 |  21.0 | 178.8
               +-------+-------+-------+-------+-------+----------------------

Table legend:
 A = Kills in this place as a percentage of kills in entire the game.
 B = Kills by you in this place as a percentage of kills by you in the entire game.
 C = Kills by friends in this place as a percentage of kills by friends in the entire game.
 D = Other kills in this place as a percentage of other kills in the entire game.
 E = Experience gained in this place as a percentage of experience gained in the entire game.
 F = Experience gained in this place divided by the number of levels of this place that you have seen.
                   A       B       C       D       E      F
               +-------+-------+-------+-------+-------+----------------------
         Total | 100.0 | 100.0 |  -nan |  -nan | 100.0 |  60.2
       Dungeon | 100.0 | 100.0 |  -nan |  -nan | 100.0 |  60.2
               +-------+-------+-------+-------+-------+----------------------
